 Dungeon Crawl Stone Soup version 0.30.0-20-g3615ddf2f0 (webtiles) character file.

Game seed: 10170687651068232726

91 qw the Chopper (level 4, 0/28 HPs)
             Began as a Gargoyle Fighter on May 29, 2023.
             Killed from afar by Sigmund (7 damage)
             ... with a puff of flame
             ... on level 2 of the Dungeon.
             The game lasted 00:01:50 (1420 turns).

qw the Chopper (Gargoyle Fighter)                   Turns: 1420, Time: 00:01:50

Health: 0/28       AC: 13    Str: 21    XL:     4   Next: 57%
Magic:  4/4        EV:  7    Int:  9    God:
Gold:   87         SH:  4    Dex:  9    Spells: 3/3 levels left

rFire   . . .        Y - +0 war axe
rCold   . . .        c - +0 buckler
rNeg    + . .        j - +0 chain mail
rPois   inf          (no helmet)
rElec   +            a - scarf {repulsion}
rCorr   .            (no gloves)
SInv    .            g - +0 pair of boots
Will    .....        (no amulet) Stlth
                     (no ring)
HPRegen 0.24/turn    (no ring)
MPRegen 0.09/turn

%: repel missiles
@: no status effects
A: sickness immunity, AC +3, negative energy resistance 1, electricity
resistance, torment resistance 1, petrification resistance
a: no special abilities


You were on level 2 of the Dungeon.
You visited 1 branch of the dungeon, and saw 2 of its levels.

You collected 87 gold pieces.


Innate Abilities, Weirdness & Mutations

You are immune to sickness and miasma.
Your stone body is resilient. (AC +3)
You are immune to poison.
You resist negative energy. (rN+)
You are resistant to electric shocks. (rElec)
You are resistant to unholy torment.
You are immune to petrification.


   Skills:
 - Level 3.2 Fighting
 + Level 4.2 Axes
 - Level 3.2 Armour
 - Level 3.2 Shields


You had 3 spell levels left.
You didn't know any spells.
Your spell library was empty.

Inventory:

Hand Weapons
 f - a +0 whip
 Y - a +0 war axe (weapon)
Armour
 a - a scarf of repulsion (worn)
 c - a +0 buckler (worn)
 g - a +0 pair of boots (worn)
 j - a +0 chain mail (worn)
Scrolls
 l - a scroll of fog {unknown}
Potions
 d - a potion of might
 e - a potion of brilliance {unknown}
 h - a potion of ambrosia {unknown}

Dungeon Overview and Level Annotations

Branches:
Dungeon (2/15)

Altars:

Shops:
D:1 (

Annotations:
D:2 Sigmund


Message History

An adder comes into view.
The adder hisses angrily.
The adder moves out of view.
Sigmund points at you and mumbles some strange words.
The puff of flame hits you.
You closely miss the adder.
The adder bites you but does no damage. x2
You slash the adder!
The adder is heavily wounded.
The adder bites you.
Sigmund smiles chillingly.
Sigmund hits you from afar with a +4 scythe of venom.
You closely miss the adder.
The adder is heavily wounded.
The adder bites you but does no damage. The adder bites you.
Sigmund hits you from afar with a +4 scythe of venom.
You hit the adder.
You kill the adder!
Sigmund barely misses you.
You closely miss Sigmund. Sigmund casts a spell at you.
The magic dart hits you but does no damage.
You closely miss Sigmund. Sigmund hits you but does no damage.
You closely miss Sigmund.
Sigmund hits you with a +4 scythe of venom.
You slash Sigmund!
Sigmund is moderately wounded.
Sigmund closely misses you.
You slash Sigmund!
Sigmund is heavily wounded.
Sigmund hits you but does no damage.
You barely miss Sigmund.
Sigmund is heavily wounded.
Sigmund hits you but does no damage.
You hit Sigmund.
Sigmund is severely wounded.
Sigmund casts a spell at you. The puff of flame hits you!
You die...

#...# #.#......##
#...# #..........
#...#****###########
#...+,,,,,,,,,,,,,,>
#...#******,,,,,,,**
#...# *,*****,**
#...# *,*,,,*,**
#...#######,*,*,*,**
#..@%.....#,*,*,*,**
#..@.......,*,*,*,**
#..........,*,*,*,**
#..........,*,*,*,**
#..........,*,*,*,*,
#..........,*,*,*,**
#..........,,,,,*,*,
#..........**,*,,,,,
**********,**,*,,,,,


You could see Sigmund.

Vanquished Creatures
  Terence (D:2)
  3 adders (D:2)
  A worm (D:2)
  A bat (D:1)
  3 endoplasms
  2 giant cockroaches (D:1)
  8 goblins (D:1)
  3 hobgoblins
  2 quokkas
  3 ball pythons (D:1)
  A frilled lizard (D:1)
  3 kobolds
  2 rats (D:1)
33 creatures vanquished.

Notes
Turn   | Place    | Note
-------+----------+-------------------------------------------
     0 | D:1      | qw the Gargoyle Fighter began the quest for the Orb.
     0 | D:1      | Reached XP level 1. HP: 14/14 MP: 1/1
     0 | D:1      | 0 ||| qw: Version: 0.2-a-101-gf424e7f
     0 | D:1      | 0 ||| qw: Game counter: 320
     0 | D:1      | 0 ||| qw: Always use a shield: true
     0 | D:1      | 0 ||| qw: God list: Okawaru
     0 | D:1      | 0 ||| qw: Allow faded altars: false
     0 | D:1      | 0 ||| qw: Do Orc after D:15 true
     0 | D:1      | 0 ||| qw: Do second Lair branch before Depths: true
     0 | D:1      | 0 ||| qw: Lair rune preference: random
     0 | D:1      | 0 ||| qw: Plans: Normal, Zot:1-4, Slime:5, God:TSO, Crypt,
                  | Tomb, Pan, Hells, Abyss, Win
     0 | D:1      | 0 ||| PLANNING D:1-11
    27 | D:1      | Reached skill level 2 in Axes
    61 | D:1      | Reached XP level 2. HP: 19/19 MP: 2/2
   111 | D:1      | Found Dared's Weapon Boutique.
   319 | D:1      | Reached skill level 3 in Axes
   844 | D:1      | 844 ||| Stepping ~*~*~tactically~*~*~ (stealth).
   858 | D:1      | Reached XP level 3. HP: 22/23 MP: 3/3
  1026 | D:1      | 1026 ||| UPGRADING to +0 pair of boots.
  1031 | D:1      | 1031 ||| READING 2 scrolls labelled IRINTO DASEGU.
  1032 | D:1      | 1032 ||| DROPPING scroll of noise.
  1201 | D:2      | Noticed Terence
  1211 | D:2      | Killed Terence
  1212 | D:2      | Reached XP level 4. HP: 25/28 MP: 4/4
  1265 | D:2      | Reached skill level 4 in Axes
  1384 | D:2      | 1384 ||| UPGRADING to scarf of repulsion.
  1389 | D:2      | 1389 ||| UPGRADING to +0 chain mail.
  1399 | D:2      | 1399 ||| DROPPING +0 scale mail.
  1400 | D:2      | 1400 ||| READING scroll labelled ALLAXO CYDAINO.
  1403 | D:2      | 1403 ||| READING scroll labelled FOSIPNIESI.
  1406 | D:2      | Noticed Sigmund
  1411 | D:2      | HP: 6/28 [Sigmund/+4 scythe of venom (3)]
  1416 | D:2      | HP: 6/28 [Sigmund/+4 scythe of venom (1)]
  1420 | D:2      | Killed from afar by Sigmund

Levels and vault maps discovered:
D:1:      dpeg_arrival_round_c, layout_rooms, serial_shops,
          nicolae_shop_temple_entry_statues_fountains, serial_forest,
          infiniplex_forest_corner_1, infiniplex_forest_corner_1,
          infiniplex_forest_clump_cross, infiniplex_forest_lined_room_,
          infiniplex_forest_clump_double, infiniplex_forest_lined_2,
          infiniplex_forest_end_double, infiniplex_forest_clump_C
D:2:      layout_basic, dreamdust_ecumenical_altar_sealed_demon, uniq_terence,
          uniq_sigmund

Skill      XL: |  1  2  3  4 |
---------------+-------------+-----
Axes           | 2 3 4 |  4.2
Fighting       | |  3.2
Armour         | |  3.2
Shields        | |  3.2

Action                     |  1- 3 |  4- 6 || total
---------------------------+-------+-------++-------
  Melee: War axe           |   121 |    27 ||   148
    Use: Scroll            |     1 |     2 ||     3
 Armour: Scale mail        |    48 |    11 ||    59
         Chain mail        |       |     7 ||     7
  Dodge: Dodged            |    39 |     9 ||    48
  Block: Buckler           |    13 |     3 ||    16

Table legend:
 A = Non-vault XP
 B = Vault XP
 C = Vault XP percentage of total XP
 D = Non-vault monster count
 E = Vault monster count
 F = Vault count percentage of total count
                 A         B        C        D         E       F
            +---------+---------+-------+---------+---------+-------
      Total |      94 |      36 |  27.7 |      32 |       1 |   3.0
            +---------+---------+-------+---------+---------+-------
        D:1 |      38 |       0 |   0.0 |      23 |       0 |   0.0
        D:2 |      56 |      36 |  39.1 |       9 |       1 |  10.0
            +---------+---------+-------+---------+---------+-------
